 Dungeon Crawl Stone Soup version 0.20-a0-1017-gc3250ce (webtiles) character file.

53 HankScorpio the Cudgeler (level 3, 0/23 HPs)
             Began as a Gargoyle Abyssal Knight on Apr 18, 2017.
             Was a Believer of Lugonu.
             Slain by a gnoll
             ... wielding a +0 flail
              (2 damage)
             ... on level 2 of the Dungeon.
             The game lasted 00:01:49 (1114 turns).

HankScorpio the Cudgeler (Gargoyle Abyssal Knight)  Turns: 1114, Time: 00:01:50

Health: 0/23       AC: 11    Str: 15    XL:     3   Next: 89%
Magic:  4/4        EV:  6    Int: 12    God:    Lugonu [**....]
Gold:   37         SH:  0    Dex: 10    Spells: 2/2 levels left

rFire    . . .     SeeInvis .   a - +1 mace
rCold    . . .     Gourm    .   (no shield)
rNeg     + . .     Faith    .   n - +0 chain mail
rPois    ∞         Spirit   .   (no helmet)
rElec    +         Reflect  .   (no cloak)
rCorr    .         Harm     .   (no gloves)
MR       .....                  (no boots)
Stlth    ..........             (no amulet)
Regen    0.1/turn               (no ring)
MPRegen  0.1/turn               (no ring)

@: no status effects
A: negative energy resistance 1, electricity resistance, unbreathing,
petrification resistance, rot immunity, AC +3
a: Depart the Abyss, Bend Space, Renounce Religion


You were on level 2 of the Dungeon.
You worshipped Lugonu.
Lugonu was pleased with you.
You were hungry.

You visited 1 branch of the dungeon, and saw 2 of its levels.
You visited the Abyss 1 time.

You collected 37 gold pieces.

Inventory:

Hand Weapons
 a - a +1 mace (weapon)
Armour
 b - a +0 leather armour
 n - a +0 chain mail (worn)
Scrolls
 e - a scroll of magic mapping {unknown}
 g - a scroll of remove curse {unknown}
 i - a scroll of fear {unknown}
 k - a scroll of identify {unknown}
 l - 3 scrolls of noise {unknown}
Potions
 h - 2 potions of heal wounds {unknown}
 j - a potion of degeneration {unknown}
Comestibles
 c - a bread ration
 d - a meat ration
 f - 4 fruits


   Skills:
 - Level 3.2 Fighting
 + Level 4.0 Maces & Flails
 - Level 2.1 Armour
 - Level 0.7 Dodging
 - Level 2.0 Invocations


You had 2 spell levels left.
You didn't know any spells.

Dungeon Overview and Level Annotations

Branches:
Dungeon (2/15)

Altars:
Kikubaaqudgha


Innate Abilities, Weirdness & Mutations

You are resistant to torment.
Your stone body is resilient. (AC +3)
You are immune to poison.
You resist negative energy. (rN+)
You are resistant to electric shocks. (rElec)
You can survive without breathing.
You are immune to petrification.
You are immune to rotting.


Message History

* * * LOW HITPOINT WARNING * * *
You sock the gnoll!
You kill the gnoll!
Lugonu accepts your kill. The gnoll hits you.
* * * LOW HITPOINT WARNING * * *
You hit the gnoll.
The gnoll is heavily wounded.
The gnoll hits you but does no damage.
You hit the gnoll.
The gnoll is almost dead.
The gnoll hits you but does no damage.
You hit the gnoll.
You kill the gnoll!
Lugonu accepts your kill.
Your Maces & Flails skill increases to level 4!
You hit the gnoll.
The gnoll is lightly wounded.
The gnoll hits you with a flail.
You die...

.. #..(..#
###.#.....#
.......?..# #....#
#....# #....#
#.g..# # ##g### #
#.#####@# .#
#.......########[#
#.........[......#
##......###....###
#####....)...†(.#
#...##....#.#
#...##....#.#
#...##....#.# ##
######....#.# #.


You could see 2 gnolls.

Vanquished Creatures
  2 adders (D:2)
  2 gnolls (D:2)
  A dart slug (D:1)
  A leopard gecko (D:2)
  A giant cockroach (D:2)
  A goblin (D:1)
  A hobgoblin (D:1)
  4 kobolds
  2 bats (D:1)
  A frilled lizard (D:1)
  3 rats (D:2)
19 creatures vanquished.

Notes
Turn   | Place    | Note
-------+----------+-------------------------------------------
     0 | Abyss:1  | HankScorpio the Gargoyle Abyssal Knight began the quest for the Orb.
     0 | Abyss:1  | Reached XP level 1. HP: 14/14 MP: 2/2
    16 | D:1      | Escaped the Abyss
   501 | D:1      | Reached XP level 2. HP: 19/19 MP: 3/3
   880 | D:2      | Found an ancient bone altar of Kikubaaqudgha.
   921 | D:2      | Found a faded altar of an unknown god.
   989 | D:2      | Reached skill level 3 in Maces & Flails
  1017 | D:2      | Reached XP level 3. HP: 22/23 MP: 4/4
  1067 | D:2      | Reached ** piety under Lugonu
  1113 | D:2      | Reached skill level 4 in Maces & Flails
  1114 | D:2      | Slain by a gnoll

Vault maps used:
D:1:      matt_arrival_los_fun
D:2:      nicolae_overflow_crystal_walls, chequers_ecumenical_altar_lobes,
          minmay_misc_feat_cross

Skill      XL: |  1  2  3 |
---------------+----------+-----
Maces & Flails | 3 4 |  4.0
Fighting       | |  3.2
Armour         | |  2.1
Dodging        | |  0.7
Invocations    | |  2.0

Action                   || total
-------------------------++-------
Melee: Mace              ||    68
Armor: Leather armour    ||    12
       Ring mail         ||    16
       Chain mail        ||     8
Dodge: Dodged            ||    42
